 Dungeon Crawl Stone Soup version 0.23-a0-470-g6f7cfd9 (webtiles) character file.

257997 kirsanium the Severer (level 20, -3/166 HPs)
             Began as a Formicid Hunter on Nov 26, 2018.
             Was a High Priest of Okawaru.
             Splashed by a moon troll's acid (12 damage)
             ... in a wizard's laboratory.
             The game lasted 01:34:49 (42282 turns).

kirsanium the Severer (Formicid Hunter)            Turns: 42282, Time: 01:34:52

Health: -3/166     AC: 19    Str: 30    XL:     20   Next: 66%
Magic:  0/26       EV: 21    Int:  7    God:    Okawaru [*****.]
Gold:   2870       SH: 21    Dex: 14    Spells: 19/19 levels left

rFire    + + +     SeeInvis +   b - +10 broad axe of Valuable Assets {drain, MR+ SInv}
rCold    . . .     Gourm    .   F - +4 shield of Ubiwoi Kedor {MR+}
rNeg     . . .     Faith    .   R - +0 scale mail "Veoxzeps" {-Cast rPois rF+++ Int-4} (curse)
rPois    +         Spirit   +   (helmet unavailable)
rElec    .         Reflect  .   y - +2 cloak {+Inv}
rCorr    .         Harm     .   c - +2 pair of gloves {Dex+3}
MR       ++++.     NoCast   +   O - +2 pair of boots {run}
Stlth    ++........             x - amulet of guardian spirit
HPRegen  0.37/turn              m - +4 ring of protection
MPRegen  0.20/turn              u - +6 ring of strength

@: heroism, finesse, corroded, quick
A: permanent stasis, dig shafts and tunnels, four strong arms, antennae 3, dopey
1
}: 2/15 runes: barnacled, gossamer
a: Dig, Shaft Self, Heroism, Finesse, Renounce Religion, Evoke Invisibility


You were in a wizard's laboratory.
You worshipped Okawaru.
Okawaru was extremely pleased with you.
You were not hungry.

You visited 7 branches of the dungeon, and saw 33 of its levels.
You also visited: Labyrinth and Wizlab.

You collected 2894 gold pieces.
You spent 24 gold pieces at shops.

Inventory:

Hand Weapons
 a - a +3 triple crossbow of velocity
 b - the +10 broad axe of Valuable Assets (weapon) {drain, MR+ SInv}
   (You found it on level 7 of the Dungeon)

   A truly terrible weapon, it drains the life of those it strikes.
   It affects your resistance to hostile enchantments.
   It lets you see invisible.
 j - a +1 lajatang of speed
 I - the +1 broad axe of the Tiger {drain, -Tele rElec rC++ SInv}
   (Okawaru gifted it to you on level 3 of the Spider Nest)

   A truly terrible weapon, it drains the life of those it strikes.
   It greatly protects you from cold.
   It insulates you from electricity.
   It lets you see invisible.
   It prevents most forms of teleportation.
Missiles
 d - 464 bolts
 P - 15 throwing nets (quivered)
Armour
 c - a +2 pair of gloves of dexterity (worn)
 o - the +1 pair of gloves of Mutualism {+Fly rElec MR+ Dex-5}
   (You acquired it on level 1 of the Shoals)

   It affects your dexterity (-5).
   It insulates you from electricity.
   It affects your resistance to hostile enchantments.
   It lets you fly.
 y - a +2 cloak of invisibility (worn)
 F - the +4 shield of Ubiwoi Kedor (worn) {MR+}
   (You took it off Donald on level 2 of the Orcish Mines)

   It affects your resistance to hostile enchantments.
 O - a +2 pair of boots of running (worn)
 R - the cursed +0 scale mail "Veoxzeps" (worn) {-Cast rPois rF+++ Int-4}
   (You took it off an orc on level 9 of the Dungeon)

   It affects your intelligence (-4).
   It renders you almost immune to fire.
   It protects you from poison.
   It prevents spellcasting.
   It has a curse placed upon it.
 T - a +0 pair of gloves of archery
Jewellery
 m - a +4 ring of protection (left hand)
 p - an uncursed ring of protection from fire
 u - a +6 ring of strength (right hand)
 x - an amulet of guardian spirit (around neck)
 Q - the ring of Satyriasis {rPois AC+3 Int+4 Dex-5 SInv}
   (You found it in a wizard's laboratory)

   [ring of protection]

   It affects your AC (+3).
   It affects your intelligence (+4).
   It affects your dexterity (-5).
   It protects you from poison.
   It lets you see invisible.
 X - an uncursed ring of protection from cold
Wands
 h - a wand of iceblast (37)
 w - a wand of scattershot (5)
 z - a wand of disintegration (44)
 H - a wand of acid (19)
 J - a wand of clouds (3)
 L - a wand of polymorph (4)
 S - a wand of digging (13)
Scrolls
 e - 3 scrolls of fog
 i - 18 scrolls of remove curse
 q - 9 scrolls of magic mapping
 r - 8 scrolls of amnesia
 s - a scroll of enchant armour
 t - 4 scrolls of enchant weapon
 D - 2 scrolls of silence
 E - 2 scrolls of brand weapon {unknown}
 K - 4 scrolls of immolation
 U - 3 scrolls of vulnerability
 V - a scroll of summoning {unknown}
 W - a scroll of holy word {unknown}
Potions
 g - 4 potions of lignification
 k - 8 potions of mutation
 l - 2 potions of ambrosia
 n - 4 potions of resistance
 v - 5 potions of curing
 A - 4 potions of flight
 B - 6 potions of might
 C - 4 potions of agility
 G - 4 potions of invisibility
 Y - 6 potions of brilliance
Miscellaneous
 N - 2 boxes of beasts
Comestibles
 f - 52 rations
 Z - 4 chunks of flesh


   Skills:
 + Level 16.7(21.7) Fighting
 - Level 18.0(23.0) Axes
 - Level 1.4(6.4) Staves
 - Level 8.0(13.0) Crossbows
 + Level 16.6(21.6) Armour
 + Level 11.5(16.5) Dodging
 - Level 1.2(6.2) Stealth
 - Level 15.0(20.0) Shields
 - Level 9.0 Invocations


You had 19 spell levels left.
You didn't know any spells.
Your spell library contained the following spells:

 Spells                   Type           Power        Failure   Level  Hunger
 Animate Skeleton         Necr           N/A          56%         1    ##.....
 Apportation              Tloc           #.....       56%         1    ##.....
 Corona                   Hex            #......      56%         1    ##.....
 Flame Tongue             Conj/Fire      #....        56%         1    ##.....
 Freeze                   Ice            #...         56%         1    ##.....
 Infusion                 Chrm           #...         56%         1    ##.....
 Pain                     Necr           #...         56%         1    ##.....
 Shock                    Conj/Air       #...         56%         1    ##.....
 Summon Butterflies       Summ           #.......     56%         1    ##.....
 Summon Small Mammal      Summ           #...         56%         1    ##.....
 Call Imp                 Summ           #.......     71%         2    ###....
 Ensorcelled Hibernation  Hex/Ice        #.....       71%         2    ###....
 Poisonous Vapours        Pois/Air       #.....       71%         2    ###....
 Shroud of Golubria       Chrm/Tloc      #.........   71%         2    ###....
 Song of Slaying          Chrm           #.......     71%         2    ###....
 Swiftness                Chrm/Air       #.......     71%         2    ###....
 Throw Flame              Conj/Fire      #.....       71%         2    ###....
 Throw Frost              Conj/Ice       #.....       71%         2    ###....
 Call Canine Familiar     Summ           #.......     90%         3    ####...
 Confuse                  Hex            #.......     90%         3    ####...
 Conjure Flame            Conj/Fire      #.......     90%         3    ####...
 Dazzling Spray           Conj/Hex       #.....       90%         3    ####...
 Gell's Gravitas          Tloc           #.........   90%         3    ####...
 Inner Flame              Hex/Fire       #.......     90%         3    ####...
 Lesser Beckoning         Tloc           #.........   90%         3    ####...
 Mephitic Cloud           Conj/Pois/Air  #.......     90%         3    ####...
 Ozocubu's Armour         Chrm/Ice       #.......     90%         3    ####...
 Portal Projectile        Hex/Tloc       #.....       90%         3    ####...
 Regeneration             Chrm/Necr      #.........   90%         3    ####...
 Spectral Weapon          Hex/Chrm       #.......     90%         3    ####...
 Static Discharge         Conj/Air       #.......     90%         3    ####...
 Summon Guardian Golem    Hex/Summ       #.......     90%         3    ####...
 Tukima's Dance           Hex            #.......     90%         3    ####...
 Vampiric Draining        Necr           #.........   90%         3    ####...
 Airstrike                Air            #.........   100%        4    #####..
 Animate Dead             Necr           N/A          100%        4    #####..
 Cause Fear               Hex            #.........   100%        4    #####..
 Force Lance              Conj/Tloc      #.......     100%        4    #####..
 Sticky Flame             Conj/Fire      #.......     100%        4    #####..
 Summon Ice Beast         Ice/Summ       #.......     100%        4    #####..
 Summon Lightning Spire   Summ/Air       #.......     100%        4    #####..
 Throw Icicle             Conj/Ice       #.......     100%        4    #####..
 Alistair's Intoxication  Tmut/Pois      #.......     100%        5    ######.
 Bolt of Magma            Conj/Fire/Erth #.........   100%        5    ######.
 Excruciating Wounds      Chrm/Necr      #.........   100%        5    ######.
 Fireball                 Conj/Fire      #.........   100%        5    ######.
 Irradiate                Conj/Tmut      #.........   100%        5    ######.
 Lee's Rapid Deconstruct  Erth           #.........   100%        5    ######.
 Lightning Bolt           Conj/Air       #.........   100%        5    ######.
 Metabolic Englaciation   Hex/Ice        #.........   100%        5    ######.
 Silence                  Hex/Air        #.........   100%        5    ######.
 Summon Mana Viper        Hex/Summ       #.......     100%        5    ######.
 Yara's Violent Unravell  Hex/Tmut       #.........   100%        5    ######.
 Deflect Missiles         Chrm/Air       #.........   100%        6    #######
 Dispersal                Tloc           #.........   100%        6    #######
 Freezing Cloud           Conj/Ice/Air   #.........   100%        6    #######
 Invisibility             Hex            #.......     100%        6    #######
 Ring of Flames           Chrm/Fire      #.........   100%        7    #######
 Summon Hydra             Summ           #.........   100%        7    #######
 Discord                  Hex            #.........   100%        8    #######
 Disjunction              Tloc           #.........   100%        8    #######
 Ignition                 Fire           #.........   100%        8    #######
 Shatter                  Erth           #.........   100%        9    #######
 Tornado                  Air            #.........   100%        9    #######
 Controlled Blink         Tloc           Unusable     N/A         8    N/A

Dungeon Overview and Level Annotations

Branches:
Dungeon (15/15)            Temple (1/1) D:4            Lair (6/6) D:9
 Shoals (4/4) Lair:4       Spider (4/4) Lair:3        Slime (0/5) Lair:5
    Orc (2/2) D:11            Elf (0/3) Orc:2        Vaults (1/5) D:14
 Depths (0/5) D:15

Altars:
Ashenzari
Cheibriados
Dithmenos
Elyvilon
Fedhas
Gozag
Hepliaklqana
Kikubaaqudgha
Makhleb
Nemelex Xobeh
Okawaru
Qazlal
Ru
Sif Muna
Trog
Uskayaw
Vehumet
Wu Jian
Xom
Yredelemnul
Zin
The Shining One
Beogh

Shops:
D:12 =   Orc:2 [?}*

Portals:
Pandemonium: Orc:2

Annotations:
D:14 Amaopp's ghost, journeyman SpEn
Lair:2 exclusion: 2 oklob plants
Lair:5 1 runed door, exclusion: 2 oklob plants, Duammel's ghost, journeyman NaFi
Orc:1 2 transporters WizLab 1 transporter


Innate Abilities, Weirdness & Mutations

You cannot be hasted, slowed, berserked, paralysed or teleported.
You can dig through walls and to a lower floor.
Your four strong arms can wield two-handed weapons with a shield.
You have a pair of large antennae on your head. (SInv)
You are dopey. (Int -2)


Message History

* * * LOW HITPOINT WARNING * * *
Unknown command.
Unknown command.
Unknown command.
Okay, then.
Unknown command.
A tentacle flies out from the starspawn's body!
A starcursed mass splits.
A starspawn tentacle comes into view.
You slash the moon troll!
The moon troll is severely wounded.
You slice the starcursed mass!!
The starcursed mass shudders and withdraws towards its neighbour.
You hit the moon troll but do no damage.
The moon troll is severely wounded.
The moon troll points at you and mumbles some strange words.
The bolt of acid hits you!
* * * LOW HITPOINT WARNING * * *
The acid corrodes you!
You are splashed with acid!
The acid burns!
You die...

#...####...####......##.#....###
##...#©.......###....##....###
###..##.........##.......### ##
.##...######.....##..#..## ###.
.....## ...###....#....## ###...
....## ......##...##...# ##.....
##.## ........##...#...# #......
.### (# ......X#...#...##
#....## ..##?#
.....Λ{#@..##...###8..##. ..#|}#
.....wXT....#....'....#.. ..#©"#
.....wXX....#....'....... ..#)[#
.......X....#....'....#.. ..##?#
.......#...##...###8..##. .###
$# .......#...#...## #....##
##.## ........##...#...# #......
....## ......# ...##...# ##.....
.....## ...## ..#....## ###...


You could see 3 starcursed masses, a moon troll, a tentacled starspawn and 2
starspawn tentacles.

Vanquished Creatures
  Asterion (Spider:3)
  A quicksilver dragon (WizLab)
  9 tentacled starspawn (WizLab)
  A kraken (Shoals:3)
  Kirke (D:12)
  Gastronok (D:10)
  Agnes (Spider:3)
  Ilsuiw (Shoals:3)
  Roxanne (D:14)
  Donald (Orc:2)
  Louise (D:14)
  3 ghost moths
  A frost giant (D:15)
  A vault warden (Vaults:1)
  6 emperor scorpions
  A cacodemon (WizLab)
  A war gargoyle (WizLab)
  2 orc warlords (Orc:1)
  5 very ugly things (WizLab)
  5 stone giants (WizLab)
  7 entropy weavers
  3 spark wasps
  A minotaur (Lab)
  Azrael (D:12)
  4 merfolk javelineers
  Snorg (D:14)
  A yaktaur captain (Vaults:1)
  A fire dragon (Lair:6)
  7 merfolk impalers
  3 great orbs of eyes (WizLab)
  7 hydras
  3 merfolk avatars
  2 vault guards
  An ice dragon (Vaults:1)
  The ghost of galech the Cleaver, a journeyman DsFi of Okawaru (D:10)
  A death knight (D:15)
  Erolcha (D:9)
  8 merfolk aquamancers
  3 catoblepae
  2 alligator snapping turtles
  3 centaur warriors
  9 two-headed ogres
  An ogre mage (D:15)
  2 satyrs
  A queen ant (Spider:2)
  6 orc high priests (Orc:2)
  A soul eater (Orc:2)
  Nergalle (D:10)
  2 wretched stars (WizLab)
  A flayed ghost (Vaults:1)
  An orange crystal statue (WizLab)
  A torturous demonspawn (Orc:2)
  3 unseen horrors
  9 sea snakes
  8 glowing orange brains (WizLab)
  A gelid demonspawn (Orc:2)
  A deep elf archer (Vaults:1)
  An ironbrand convoker (Vaults:1)
  14 orb spiders
  7 orc knights
  2 lindwurms
  A wolf spider zombie (D:14)
  25 wolf spiders
  21 harpies
  A deep elf mage (D:15)
  5 orc sorcerers (Orc:2)
  5 fauns
  17 elephants
  13 manticores
  12 cyclopes
  2 centaur zombies
  2 ugly things
  10 merfolk sirens
  A vault sentinel (Vaults:1)
  3 black mambas
  7 water nymphs
  3 eyes of devastation (WizLab)
  2 moths of wrath
  11 spiny frogs
  3 molten gargoyles (Lair:6)
  3 torpor snails
  2 centaur skeletons
  2 gargoyles
  An orange demon (Orc:2)
  2 efreet
  3 rime drakes (Lair:5)
  12 komodo dragons
  A komodo dragon (shapeshifter) (D:8)
  A yaktaur (D:15)
  A kobold demonologist (D:11)
  3 demonic crawlers
  A tengu conjurer (D:15)
  2 freezing wraiths
  9 trolls
  A red devil (Orc:2)
  3 wind drakes
  32 merfolk
  6 meliai
  19 jumping spiders
  A polar bear (Lair:1)
  6 hornets
  16 blink frogs
  9 hippogriffs
  11 dream sheep
  3 slime creatures (Vaults:1)
  2 snapping turtles
  2 shadows
  49 redbacks
  31 tarantellas
  A vampire (D:5)
  4 wyverns
  4 wraiths
  3 basilisks (Lair:6)
  39 yaks
  19 water elementals
  4 hungry ghosts
  2 neqoxecs
  The ghost of kidcy the Skirmisher, an amateur FoAK of Lugonu (D:9)
  A steam dragon (Lair:6)
  3 fire elementals (D:12)
  4 golden eyes (WizLab)
  7 hogs (D:12)
  11 vampire mosquitoes
  A chaos spawn (Orc:2)
  3 soldier ants
  2 wargs (Orc:1)
  An acid dragon (D:15)
  14 water moccasins
  Duvessa (D:7)
  A soldier ant (shapeshifter) (D:15)
  5 hell hounds
  37 orc warriors
  9 porcupines
  3 ice beasts
  2 hornet zombies
  5 black bears
  2 phantoms
  5 sky beasts
  16 ogres
  11 centaurs
  4 wolves (Lair:2)
  12 crocodiles
  A big kobold (D:8)
  33 bullfrogs
  A gnoll sergeant (D:9)
  A wyvern zombie (D:14)
  2 elf skeletons (D:14)
  Dowan (D:7)
  3 scorpions
  6 killer bees
  3 electric eels
  A wight (D:14)
  6 howler monkeys
  A troll skeleton (D:14)
  5 lava snakes (Lair:6)
  13 crimson imps
  3 jellies
  18 starcursed masses (WizLab)
  3 quasits
  3 human zombies (D:14)
  2 bullfrog zombies
  26 orc priests
  3 bullfrog skeletons
  A gnoll shaman (D:8)
  6 hounds
  7 iguanas
  22 orc wizards
  16 worker ants
  A hound zombie (D:8)
  A hound skeleton (D:6)
  16 gnolls
  4 worker ant zombies
  10 adders
  4 shadow imps
  2 oozes
  2 adder skeletons (D:9)
  A worm (D:2)
  2 dart slugs
  6 leopard geckos
  86 orcs
  7 giant cockroaches
  8 goblins
  7 hobgoblins
  10 jackals
  A quokka (D:2)
  3 ball pythons
  12 bats
  4 frilled lizards
  9 kobolds
  A leopard gecko skeleton (D:4)
  A leopard gecko zombie (D:8)
  2 orc skeletons (D:14)
  An orc zombie (D:14)
  A quokka skeleton (D:4)
  12 rats
  A demonic plant (WizLab)
  6 fungi
  16 plants
  13 starspawn tentacles (WizLab)
  3 tentacles (Shoals:3)
1232 creatures vanquished.

Vanquished Creatures (others)
  An unseen horror (Vaults:1)
  3 jumping spiders
  51 fungi
  49 plants
  13 starspawn tentacles (WizLab)
  11 tentacles (Shoals:3)
  7 toadstools (Lair:3)
135 creatures vanquished.

Grand Total: 1367 creatures vanquished

Notes
Turn   | Place    | Note
-------+----------+-------------------------------------------
     0 | D:1      | kirsanium the Formicid Hunter began the quest for the Orb.
     0 | D:1      | Reached XP level 1. HP: 16/16 MP: 1/1
   113 | D:1      | Reached XP level 2. HP: 23/23 MP: 2/2
   263 | D:1      | Reached XP level 3. HP: 28/28 MP: 3/3
   266 | D:1      | Reached skill level 1 in Armour
   587 | D:1      | Reached XP level 4. HP: 34/34 MP: 4/4
   883 | D:2      | Found a shadowy altar of Dithmenos.
  1177 | D:2      | Found a blossoming altar of Fedhas.
  1648 | D:3      | Reached XP level 5. HP: 41/41 MP: 5/5
  1834 | D:3      | Reached skill level 5 in Crossbows
  2300 | D:4      | Noticed a phantom
  2337 | D:4      | Killed a phantom
  2337 | D:4      | Reached XP level 6. HP: 43/47 MP: 6/6
  2451 | D:4      | Found a staircase to the Ecumenical Temple.
  2473 | D:4      | Got a fine leather armour
  2483 | Temple   | Entered the Ecumenical Temple
  2794 | D:4      | Found a sacrificial altar of Ru.
  2899 | D:4      | Found a burning altar of Makhleb.
  2926 | D:4      | Reached XP level 7. HP: 53/53 MP: 7/7
  3071 | D:5      | Entered Level 5 of the Dungeon
  3283 | D:5      | Found a snail-covered altar of Cheibriados.
  3283 | D:5      | Found a transporter.
  3283 | D:5      | Noticed a vampire
  3351 | D:5      | Found a transporter.
  3833 | D:5      | Found a shimmering altar of Xom.
  4267 | D:6      | Reached XP level 8. HP: 61/61 MP: 8/8
  4916 | D:7      | Reached skill level 5 in Fighting
  5120 | D:7      | Got a fine broad axe
  5121 | D:7      | Identified the +10 broad axe of Valuable Assets {drain, MR+
                  | SInv} (You found it on level 7 of the Dungeon)
  5152 | D:7      | Reached XP level 9. HP: 68/68 MP: 9/9
  5258 | D:7      | Reached skill level 1 in Axes
  5258 | D:7      | Reached skill level 5 in Armour
  5520 | D:7      | Noticed Dowan
  5521 | D:7      | Noticed Duvessa
  5529 | D:7      | Killed Duvessa
  5539 | D:7      | Killed Dowan
  5657 | D:7      | Reached skill level 2 in Axes
  5864 | D:7      | Found an opulent altar of Gozag.
  5864 | D:7      | Found a faded altar of an unknown god.
  5869 | D:7      | Found an iron altar of Okawaru.
  5871 | D:7      | Found a shadowy altar of Dithmenos.
  5872 | D:7      | Found a faded altar of an unknown god.
  5875 | D:7      | Became a worshipper of Warmaster Okawaru
  5955 | D:8      | Reached skill level 3 in Axes
  6297 | D:8      | Reached skill level 5 in Dodging
  6428 | D:8      | Reached * piety under Okawaru
  6604 | D:8      | Reached skill level 4 in Axes
  6619 | D:8      | Noticed a komodo dragon
  6629 | D:8      | Killed a komodo dragon
  6629 | D:8      | Reached XP level 10. HP: 67/77 MP: 10/10
  6634 | D:8      | Identified the ring of Lies {rPois rC+ MR- Str+2}
  6641 | D:8      | Noticed a two-headed ogre
  6643 | D:8      | Reached skill level 5 in Axes
  6647 | D:8      | Killed a two-headed ogre
  6647 | D:8      | Reached ** piety under Okawaru
  6899 | D:8      | Reached skill level 6 in Axes
  7773 | D:9      | Noticed Erolcha
  7806 | D:9      | Killed Erolcha
  7806 | D:9      | Reached *** piety under Okawaru
  7806 | D:9      | Reached skill level 7 in Axes
  7819 | D:9      | Reached skill level 1 in Invocations
  7889 | D:9      | Identified the cursed +0 scale mail "Veoxzeps" {-Cast rPois
                  | rF+++ Int-4}
  7939 | D:9      | Found a staircase to the Lair.
  8488 | D:9      | Reached XP level 11. HP: 86/86 MP: 12/12
  8624 | D:9      | Received a gift from Okawaru
  8648 | D:9      | Found a transporter.
  8654 | D:9      | Found a transporter.
  8718 | D:9      | Noticed kidcy's ghost (amateur FoAK)
  8776 | D:9      | Found an ancient bone altar of Kikubaaqudgha.
  9202 | D:10     | Entered Level 10 of the Dungeon
  9291 | D:10     | Noticed Gastronok
  9325 | D:10     | Killed Gastronok
  9325 | D:10     | Reached **** piety under Okawaru
  9325 | D:10     | Reached skill level 8 in Axes
  9325 | D:10     | Reached skill level 5 in Invocations
  9667 | D:10     | Found a runed door.
  9667 | D:10     | Noticed galech's ghost (journeyman DsFi)
  9817 | D:10     | Noticed Nergalle
  9833 | D:10     | Killed Nergalle
  9833 | D:10     | Reached ***** piety under Okawaru
  9833 | D:10     | Received a gift from Okawaru
  9982 | Lair:1   | Entered Level 1 of the Lair of Beasts
 10945 | Lair:2   | Reached skill level 9 in Axes
 11028 | Lair:2   | Reached XP level 12. HP: 78/94 MP: 17/17
 11958 | Lair:3   | Noticed a six-headed hydra
 12457 | Lair:3   | Reached skill level 10 in Axes
 12527 | Lair:3   | Found a runed door.
 12691 | Lair:3   | Found a hole to the Spider Nest.
 13300 | Lair:4   | Reached skill level 1 in Shields
 13417 | Lair:4   | Found a shimmering altar of Xom.
 13468 | Lair:4   | Reached XP level 13. HP: 80/103 MP: 12/19
 13700 | Lair:4   | Found a staircase to the Shoals.
 13705 | Lair:4   | Received a gift from Okawaru
 13971 | Lair:4   | Reached skill level 10 in Fighting
 14238 | Lair:5   | Reached skill level 5 in Shields
 14239 | Lair:5   | Reached skill level 11 in Axes
 14278 | Lair:5   | Found a labyrinth entrance.
 14288 | Lab      | Entered a labyrinth
 14848 | Lab      | Noticed a minotaur
 14861 | Lab      | Killed a minotaur
 14861 | Lab      | Reached skill level 10 in Armour
 14877 | Lab      | Got a faintly glowing great sword
 15126 | Lair:5   | Noticed a seven-headed hydra
 15130 | Lair:5   | Killed a seven-headed hydra
 15370 | Lair:5   | Found a staircase to the Slime Pits.
 15843 | Lair:5   | Found a runed door.
 15847 | Lair:5   | Found a shimmering altar of Xom.
 15847 | Lair:5   | Noticed Duammel's ghost (journeyman NaFi)
 15990 | Lair:6   | Entered Level 6 of the Lair of Beasts
 15993 | Lair:6   | Noticed a four-headed hydra
 15997 | Lair:6   | Killed a four-headed hydra
 15997 | Lair:6   | Received a gift from Okawaru
 16107 | Lair:6   | Noticed a seven-headed hydra
 16109 | Lair:6   | Noticed an eight-headed hydra
 16407 | Lair:6   | Noticed a seven-headed hydra
 16408 | Lair:6   | Noticed a seven-headed hydra
 16415 | Lair:5   | Reached skill level 12 in Axes
 16460 | Lair:6   | Reached XP level 14. HP: 99/111 MP: 17/20
 17585 | D:11     | Found a staircase to the Orcish Mines.
 17607 | D:11     | Found a roughly hewn altar of Beogh.
 18099 | D:12     | Found Kopra's Jewellery Emporium.
 18177 | D:12     | Noticed Azrael
 18195 | D:12     | Killed Azrael
 18532 | D:12     | Noticed Kirke
 18544 | D:12     | Noticed a sphinx
 18560 | D:12     | Noticed a sphinx
 18561 | D:12     | Killed Kirke
 18561 | D:12     | Received a gift from Okawaru
 18885 | D:13     | Reached skill level 10 in Shields
 19178 | D:13     | Received a gift from Okawaru
 19277 | D:13     | Received a gift from Okawaru
 19509 | D:14     | Noticed Snorg
 19524 | D:14     | Reached skill level 13 in Axes
 19527 | D:14     | Killed Snorg
 19698 | D:14     | Noticed Roxanne
 19821 | D:14     | Killed Roxanne
 19821 | D:14     | Received a gift from Okawaru
 20124 | D:14     | Found a runed gate.
 20124 | D:14     | Found a runed gate.
 20124 | D:14     | Found a runed gate.
 20126 | D:14     | Noticed Amaopp's ghost (journeyman SpEn)
 20281 | D:14     | Reached XP level 15. HP: 49/120 MP: 5/21
 20317 | D:15     | Entered Level 15 of the Dungeon
 20334 | D:15     | HP: 6/120 [cyclops/large rock (30)]
 20366 | D:14     | HP: 4/120 [vampire mosquito (8)]
 20789 | Orc:1    | Entered Level 1 of the Orcish Mines
 20790 | Orc:1    | Noticed an orc warlord
 20815 | Orc:1    | Killed an orc warlord
 20904 | Orc:1    | Found a transporter.
 20916 | Orc:1    | Noticed an orc warlord
 21248 | Orc:1    | Noticed an orc warlord
 21333 | Orc:1    | Killed an orc warlord
 21783 | Orc:1    | Found a roughly hewn altar of Beogh.
 21783 | Orc:1    | Found a transporter.
 21834 | Orc:2    | Entered Level 2 of the Orcish Mines
 21942 | Orc:2    | Identified the +4 shield of Ubiwoi Kedor {MR+}
 21942 | Orc:2    | Noticed Donald
 22465 | D:9      | Killed kidcy's ghost
 22465 | D:9      | Received a gift from Okawaru
 22473 | D:9      | Got the ring "Vuaxekaza" {Int+3}
 22524 | D:10     | Killed galech's ghost
 22990 | Lair:3   | Received a gift from Okawaru
 23337 | Lair:3   | Got an ancient zirconium amulet
 23815 | Lair:6   | Identified the amulet of Dim Light {Harm *Drain rF- Int+3
                  | Slay+2} (You found it on level 3 of the Lair of Beasts)
 24241 | Lair:6   | Reached skill level 14 in Axes
 24745 | Lair:6   | Received a gift from Okawaru
 24967 | Lair:6   | Found a large runed door.
 24967 | Lair:6   | Found a large runed door.
 25563 | Orc:1    | Identified the +9 battleaxe of Yddiqe {flame, Str+5 Int+4
                  | Stlth-}
 25656 | Orc:2    | Received a gift from Okawaru
 25673 | Orc:2    | Got a faintly glowing glaive {god gift}
 25796 | Orc:2    | Identified the +8 glaive of Eternal Harmony {speed, MP+9
                  | Stlth+} (Okawaru gifted it to you on level 2 of the Orcish
                  | Mines)
 25797 | Orc:2    | Identified the +4 great sword of Xysuogae {protect, rPois
                  | MR+} (You found it in a labyrinth)
 25861 | Orc:2    | Found a staircase to the Elven Halls.
 25992 | Orc:2    | Killed Donald
 26446 | Orc:2    | Found Tuudih's Magic Scroll Emporium.
 26460 | Orc:2    | Found Ystrick's General Store.
 26467 | Orc:2    | Reached XP level 16. HP: 105/129 MP: 12/22
 26580 | Orc:2    | HP: 4/129 [orc sorcerer/bolt of negative energy (10)]
 27292 | Orc:2    | Bought a scroll of fog for 24 gold pieces
 27335 | Orc:2    | Received a gift from Okawaru
 27740 | Orc:2    | Found Tafriqal's Gadget Shop.
 27740 | Orc:2    | Found Otaec's Antique Armour Boutique.
 27741 | Orc:2    | Found a one-way gate leading to the halls of Pandemonium.
 28072 | Spider:1 | Entered Level 1 of the Spider Nest
 28078 | Spider:1 | Received a gift from Okawaru
 28585 | Spider:1 | Reached skill level 15 in Axes
 29119 | Spider:2 | Received a gift from Okawaru
 29319 | Spider:2 | Received a gift from Okawaru
 29961 | Spider:2 | Reached XP level 17. HP: 108/137 MP: 17/23
 30273 | Spider:3 | Noticed Asterion
 30295 | Spider:3 | Killed Asterion
 30295 | Spider:3 | Received a gift from Okawaru
 30691 | Spider:3 | Received a gift from Okawaru
 30746 | Spider:3 | Got a slimy broad axe {god gift}
 30747 | Spider:3 | Identified the +1 broad axe of the Tiger {drain, -Tele
                  | rElec rC++ SInv} (Okawaru gifted it to you on level 3 of
                  | the Spider Nest)
 30843 | Spider:3 | Reached skill level 15 in Shields
 30912 | Spider:3 | Noticed Agnes
 30922 | Spider:3 | Killed Agnes
 31032 | Spider:3 | Reached skill level 1 in Staves
 31768 | Spider:3 | Received a gift from Okawaru
 32160 | Spider:3 | Found a roughly hewn altar of Beogh.
 32174 | Spider:3 | Identified the +2 scale mail "Yngymim" {*Contam rElec rF+
                  | rN++} (You found it on level 3 of the Spider Nest)
 32296 | Spider:4 | Entered Level 4 of the Spider Nest
 32417 | Spider:4 | Reached skill level 16 in Axes
 33111 | Spider:4 | Received a gift from Okawaru
 33139 | Spider:4 | Reached XP level 18. HP: 98/146 MP: 9/24
 33295 | Spider:4 | Got a gossamer rune of Zot
 33561 | Shoals:1 | Entered Level 1 of the Shoals
 34485 | Shoals:1 | Identified a scroll of acquirement
 34541 | Shoals:1 | Got a pair of heavily runed gloves
 34955 | Shoals:2 | Received a gift from Okawaru
 35767 | Shoals:3 | Noticed Ilsuiw
 36118 | Shoals:3 | Killed Ilsuiw
 36210 | Shoals:3 | Reached skill level 15 in Fighting
 36268 | Shoals:3 | Noticed a kraken
 37005 | Shoals:3 | Killed a kraken
 37241 | Shoals:4 | Entered Level 4 of the Shoals
 37357 | Shoals:4 | Received a gift from Okawaru
 37384 | Shoals:4 | Reached skill level 15 in Armour
 37461 | Shoals:4 | Identified a +0 pair of boots of running (Okawaru gifted it
                  | to you on level 4 of the Shoals)
 37534 | Shoals:4 | Reached XP level 19. HP: 149/155 MP: 25/25
 37552 | Shoals:4 | Reached skill level 17 in Axes
 37904 | Shoals:4 | Identified Advanced Spellcasting
 37947 | Shoals:4 | HP: 1/155 [water nymph/the raging water (29)]
 38229 | Shoals:4 | Got a barnacled rune of Zot
 38318 | Shoals:4 | Identified the +2 leather armour of the Vaults {rPois Dex+2
                  | SInv}
 38603 | Shoals:4 | Reached skill level 10 in Dodging
 38807 | Shoals:4 | Identified the +1 pair of gloves of Mutualism {+Fly rElec
                  | MR+ Dex-5} (You acquired it on level 1 of the Shoals)
 39198 | D:14     | Found an ancient bone altar of Kikubaaqudgha.
 39264 | D:14     | Noticed Louise
 39278 | D:14     | Killed Louise
 39546 | D:15     | Received a gift from Okawaru
 39657 | D:15     | Found a shattered altar of Ashenzari.
 39722 | D:15     | Found a staircase to the Depths.
 40356 | D:14     | Found a gate to the Vaults.
 40359 | Vaults:1 | Entered Level 1 of the Vaults
 40599 | Vaults:1 | Found a magical portal.
 40627 | WizLab   | Entered Lehudib's Moon Base
 40681 | WizLab   | Reached XP level 20. HP: 158/164 MP: 26/26
 41293 | WizLab   | Got a serpentine tin ring
 41294 | WizLab   | Identified the ring of Satyriasis {rPois AC+3 Int+4 Dex-5
                  | SInv} (You found it in a wizard's laboratory)
 41386 | WizLab   | Gained mutation: You are dopey. (Int -2) [a cacodemon]
 41589 | WizLab   | Received a gift from Okawaru
 41765 | WizLab   | Reached skill level 18 in Axes
 41978 | WizLab   | Found a transporter.
 42052 | WizLab   | Found a transporter.
 42058 | WizLab   | Received a gift from Okawaru
 42282 | WizLab   | Splashed by a moon troll's acid

Vault maps used:
D:1:      elethiomel_arrival_infinity_welcomes_careful_drivers
D:2:      fedhas_altar_2, first_ration, minmay_misc_feat_alley, st_stairs_11,
          grunt_dithmenos_smoke
D:4:      lightli_temple_of_fire, minmay_temple_entry_ruins,
          hangedman_ru_absence
D:5:      gammafunk_temple_overflow_arena, chequers_decorated_corner,
          chequers_serial_rivers_room_b, tgw_xom
D:6:      hangedman_abyss_or_decor_stagger
D:7:      chequers_temple_overflow_minitemple, hex_medium, grunt_ogre_cave,
          uniq_duvessa
D:8:      minmay_the_grid_triangle_9x9_recursive_2, water_maze_lemuel
D:9:      due_lair_maze_entry_diamond, gammafunk_ghost_stat_death,
          david_defended_altar_elf, uniq_erolcha
D:10:     ebering_ghost_reflecting_pool, uniq_gastronok, uniq_nergalle
D:11:     minmay_orc_entry_temple_small
D:12:     serial_shops, nicolae_shop_temple_entry_statues_fountains,
          kennysheep_generic_room_14, uniq_kirke, uniq_azrael
D:14:     david_vaults_5, gammafunk_ghost_spectres,
          lemuel_mausoleum_altar_kikubaaqudgha, uniq_snorg, uniq_roxanne,
          uniq_louise
D:15:     grunt_enter_depths_snipers, basic_altar, minmay_crystal_water
Temple:   kb_temple_of_zot
Lair:1:   chequers_serial_rivers_room_b, grunt_megastairs_5
Lair:2:   serial_bayou_lagoon_a, st_stairs_11, minmay_lair_oklob_chamber,
          infiniplex_staircase_pool_2
Lair:3:   gammafunk_lair_enchanted_lake, spider_nest_entry_a,
          grunt_megastairs_2, infiniplex_staircase_pool
Lair:4:   elwin_shoals_entry_rocks, basic_altar
Lair:5:   minmay_slime_entry_oklob_open, ebering_ghost_xom, lab_entry_generic,
          grunt_megastairs_3, lemuel_fruit_tree
Lair:6:   cheibrodos_lair_end_hotspot
Shoals:2: nzn_motion_control
Shoals:3: nicolae_shoals_square_sea_wall, nicolae_shoals_dead_sea_scrolls,
          uniq_ilsuiw
Shoals:4: shoals_end_simple
Spider:1: spider_trap, hangedman_spider_tarantella_strand
Spider:2: nicolae_spider_ant_collections
Spider:3: nicolae_spider_mines_2, uniq_agnes, uniq_asterion
Spider:4: spider_rune_water
Orc:1:    gammafunk_beogh_shrine
Orc:2:    pf_orc_diabolical, uniq_donald
Vaults:1: vaults_room_octagon, hangedman_vaults_locks, dpeg_vaults_monster_row,
          lightli_enter_wizlab_magi_temple
Lab:      labyrinth_spiral, nicolae_lab_diamond
WizLab:   wizlab_lehudib

Skill      XL: |  1  2  3  4  5  6  7  8  9 10 11 12 13 14 15 16 17 18 19 20 |
---------------+-------------------------------------------------------------+-----
Dodging        | 2 3 4 5 6 7 9 10 11 | 11.5
Armour         | 1 2 3 4 6 7 8 9 10 11 12 13 14 15 16 | 16.6
Fighting       | 3 4 5 6 7 8 9 10 11 12 13 14 15 16 | 16.7
Crossbows      | 5 6 7 8 |  8.0
Axes           | 4 7 9 10 12 13 14 15 16 17 18 | 18.0
Invocations    | 1 6 9 |  9.0
Shields        | 3 8 10 12 14 15 | 15.0
Staves         | 1 |  1.4
Stealth        | |  1.2

Action                   |  1- 3 |  4- 6 |  7- 9 | 10-12 | 13-15 | 16-18 | 19-21 || total
-------------------------+-------+-------+-------+-------+-------+-------+-------++-------
Melee: Whip              |       |       |    23 |       |       |       |       ||    23
       Broad axe         |       |       |    64 |   398 |   976 |  1105 |   709 ||  3252
       Punch             |       |       |       |     1 |    10 |       |       ||    11
       Scimitar          |       |       |       |       |    20 |       |       ||    20
 Fire: Hand crossbow     |    43 |   144 |   168 |     4 |       |       |       ||   359
       Triple crossbow   |       |       |       |     2 |    13 |       |     1 ||    16
Invok: Heroism           |       |       |       |     2 |    32 |    24 |    16 ||    74
       Finesse           |       |       |       |     2 |    12 |    12 |    10 ||    36
 Abil: Dig               |       |       |       |     2 |    10 |       |       ||    12
Evoke: Wand              |       |       |       |       |     4 |     1 |     2 ||     7
  Use: Scroll            |       |     4 |       |     6 |    16 |    10 |     3 ||    39
       Potion            |       |       |       |     1 |    11 |     3 |     4 ||    19
 Stab: Confused          |       |       |       |       |     4 |       |       ||     4
  Eat: Chunk             |       |     6 |    11 |    18 |    34 |    30 |    13 ||   112
       Ration            |       |       |       |     2 |     3 |     2 |     1 ||     8
Armor: Leather armour    |       |     2 |       |       |       |       |       ||     2
       Chain mail        |       |    25 |    97 |    58 |       |       |       ||   180
       Scale mail        |       |       |       |   173 |   630 |   356 |   130 ||  1289
Dodge: Dodged            |     1 |    24 |    82 |   300 |   676 |   434 |   201 ||  1718
Block: Shield            |       |       |       |       |    25 |  1005 |   465 ||  1495
       Rpst.: Scimitar   |       |       |       |       |     5 |       |       ||     5

Table legend:
 A = Non-vault XP
 B = Vault XP
 C = Vault XP percentage of total XP
 D = Non-vault monster count
 E = Vault monster count
 F = Vault count percentage of total count
                 A         B        C        D         E       F
            +---------+---------+-------+---------+---------+-------
      Total |  210457 |  177036 |  45.7 |     838 |     356 |  29.8
            +---------+---------+-------+---------+---------+-------
        D:1 |      73 |       0 |   0.0 |      31 |       0 |   0.0
        D:2 |      58 |       6 |   9.4 |      30 |       4 |  11.8
        D:3 |      69 |       0 |   0.0 |      15 |       0 |   0.0
        D:4 |     332 |       0 |   0.0 |      13 |       0 |   0.0
        D:5 |     245 |     415 |  62.9 |       8 |      13 |  61.9
        D:6 |     651 |       0 |   0.0 |       9 |       0 |   0.0
        D:7 |     693 |     330 |  32.3 |      15 |       3 |  16.7
        D:8 |     864 |    2080 |  70.7 |      21 |      14 |  40.0
        D:9 |    1669 |    2553 |  60.5 |      37 |      15 |  28.8
       D:10 |     738 |    3812 |  83.8 |      15 |       3 |  16.7
       D:11 |    4119 |     270 |   6.2 |      21 |       7 |  25.0
       D:12 |    2297 |    5329 |  69.9 |      21 |      13 |  38.2
       D:13 |    6183 |     156 |   2.5 |      32 |       1 |   3.0
       D:14 |    3692 |    9566 |  72.2 |      21 |      25 |  54.3
       D:15 |   16208 |    2982 |  15.5 |      49 |       3 |   5.8
     Lair:1 |    1766 |     137 |   7.2 |       7 |       1 |  12.5
     Lair:2 |    2222 |     683 |  23.5 |      18 |       3 |  14.3
     Lair:3 |    5086 |    3857 |  43.1 |      22 |      10 |  31.2
     Lair:4 |    7986 |       0 |   0.0 |      25 |       0 |   0.0
     Lair:5 |   11546 |     853 |   6.9 |      33 |       3 |   8.3
     Lair:6 |   10066 |    7700 |  43.3 |      31 |      27 |  46.6
   Shoals:1 |    9448 |       0 |   0.0 |      21 |       0 |   0.0
   Shoals:2 |   20902 |    4011 |  16.1 |      45 |       5 |  10.0
   Shoals:3 |   10154 |    5028 |  33.1 |      16 |       5 |  23.8
   Shoals:4 |   17433 |   20854 |  54.5 |      40 |      32 |  44.4
   Spider:1 |    9152 |     197 |   2.1 |      23 |       1 |   4.2
   Spider:2 |   15553 |    4708 |  23.2 |      36 |      13 |  26.5
   Spider:3 |   21228 |    9290 |  30.4 |      48 |      14 |  22.6
   Spider:4 |    4455 |   18920 |  80.9 |      10 |      37 |  78.7
      Orc:1 |    7184 |       0 |   0.0 |      44 |       0 |   0.0
      Orc:2 |    6004 |   17490 |  74.4 |      51 |      57 |  52.8
   Vaults:1 |    9724 |       0 |   0.0 |      13 |       0 |   0.0
        Lab |       0 |    1254 | 100.0 |       0 |       1 | 100.0
     WizLab |    2657 |   54555 |  95.4 |      17 |      46 |  73.0
            +---------+---------+-------+---------+---------+-------
